 Dungeon Crawl Stone Soup version 0.20-a0-441-g89e74e4 (webtiles) character file.

46 M4edhros the Grave Robber (level 3, -5/21 HPs)
             Began as an Octopode Necromancer on Jan 6, 2017.
             Slain by a worker ant (6 damage)
             ... on level 4 of the Dungeon.
             The game lasted 00:01:15 (230 turns).

M4edhros the Grave Robber (Octopode Necromancer)     Turns: 230, Time: 00:01:16

Health: -5/21      AC:  1    Str:  7    XL:     3   Next: 68%
Magic:  2/6        EV: 13    Int: 17    God:
Gold:   28         SH:  0    Dex: 13    Spells: 1/6 levels left

rFire  . . .     SeeInvis .     c - -3 dagger (curse)
rCold  . . .     Gourm    .     (no shield)
rNeg   . . .     Faith    .     (helmet restricted)
rPois  .         Spirit   .     (no amulet)
rElec  .         Reflect  .     (no ring)
rCorr  .         Harm     .     (no ring)
MR     .....                    (no ring)
Stlth  +++.......               (no ring)
                                (no ring)
                                (no ring)
                                (no ring)
                                (no ring)

@: lethally poisoned (-5 -> -11), very slightly contaminated
A: almost no armour, stealthy swim, amphibious, 8 rings, constrict 8, camouflage
1, gelatinous body 1
a: no special abilities


You were on level 4 of the Dungeon.
You were not hungry.

You visited 1 branch of the dungeon, and saw 4 of its levels.

You collected 28 gold pieces.

Inventory:

Hand Weapons
 c - a cursed -3 dagger (weapon)
 d - a cursed -1 hunting sling
Books
 a - a book of Necromancy

   Spells                             Type                      Level
   a - Pain                           Necromancy                   1
   b - Animate Skeleton               Necromancy                   1
   c - Vampiric Draining              Necromancy                   3
   d - Regeneration                   Charms/Necromancy            3
   e - Animate Dead                   Necromancy                   4
   f - Control Undead                 Necromancy                   4
Comestibles
 b - a bread ration
 g - a beef jerky


   Skills:
 - Level 2.0 Dodging
 - Level 2.6 Stealth
 + Level 3.2 Unarmed Combat
 - Level 2.0 Spellcasting
 - Level 4.0 Necromancy


You had one spell level left.
You knew the following spells:

 Your Spells              Type           Power        Failure   Level  Hunger
a - Pain                  Necr           ###.         3%          1    #......
b - Animate Skeleton      Necr           N/A          3%          1    #......
c - Regeneration          Chrm/Necr      #.........   24%         3    ###....


Dungeon Overview and Level Annotations

Branches:
Dungeon (4/15)
 Temple: D:4-7

Altars:

Shops:
D:4 }


Innate Abilities, Weirdness & Mutations

You cannot wear most types of armour.
You are very stealthy in the water. (Stealth+)
You are amphibious.
You can wear up to eight rings at the same time.
You can use your tentacles to constrict eight enemies at once.
Your skin changes colour to match your surroundings (Stealth+).
Your rubbery body absorbs attacks. (AC +1, EV +1)


Message History

The worker ant is moderately wounded.
You constrict the worker ant. The worker ant barely misses you.
Unknown command.
You hit the worker ant but do no damage.
The worker ant is moderately wounded.
You constrict the worker ant, but do no damage.
The worker ant barely misses you. x2
Unknown command.
You hit the worker ant but do no damage.
The worker ant is moderately wounded.
You constrict the worker ant, but do no damage.
* * * LOW HITPOINT WARNING * * *
You feel sick. The worker ant bites you.
* * * LOW HITPOINT WARNING * * *
Unknown command.
You hit the worker ant but do no damage.
The worker ant is moderately wounded.
You constrict the worker ant, but do no damage.
The worker ant bites you.
You die...

######## +#.##
#......#......
.###......#..... .#
...........#..... .
.......#...##.#.##.#
.......#......#..#.### .
......#......#......# ..
#......<.........# #..
#..........a@<...#
#...#.............#..#
.....................#
.....................#
.....................#.##
.........................
..............#....#.#.##
..............#.#..#.#.#
..............#.#..#.# #


You could see a worker ant.

Vanquished Creatures
  A crimson imp (D:4)
  An adder (D:3)
  A worm (D:4)
  A frilled lizard (D:3)
4 creatures vanquished.

Notes
Turn   | Place    | Note
-------+----------+-------------------------------------------
     0 | D:1      | M4edhros the Octopode Necromancer began the quest for the Orb.
     0 | D:1      | Reached XP level 1. HP: 11/11 MP: 3/3
    29 | D:3      | Reached skill level 1 in Unarmed Combat
    29 | D:3      | Reached XP level 2. HP: 13/17 MP: 5/5
    81 | D:4      | Found Liofaash's Gadget Emporium.
   164 | D:4      | Noticed a crimson imp
   199 | D:4      | Killed a crimson imp
   199 | D:4      | Reached XP level 3. HP: 7/21 MP: 6/6
   202 | D:4      | Learned a level 1 spell: Animate Skeleton
   206 | D:4      | Learned a level 3 spell: Regeneration
   229 | D:4      | HP: 1/21 [worker ant (4)]
   230 | D:4      | Slain by a worker ant

Vault maps used:
D:1:      dpeg_arrival_line_fractal, minmay_split_cup_large
D:2:      tso_altar, xom_redecorated
D:3:      first_bread
D:4:      grunt_temple_overflow_open, serial_shops, nicolae_shop_waterfront

Skill      XL: |  1  2 |
---------------+-------+-----
Unarmed Combat | 1 3 |  3.2
Dodging        | |  2.0
Stealth        | |  2.6
Spellcasting   | |  2.0
Necromancy     | |  4.0

Action                   || total
-------------------------++-------
Melee: Dagger            ||    40
       Tentacles         ||     7
       Constrict         ||     6
       Punch             ||     2
 Cast: Regeneration      ||     1
  Use: Potion            ||     2
 Stab: Sleeping          ||     2
Armor: Skin              ||     2
Dodge: Dodged            ||    16
